 Dungeon Crawl Stone Soup version 0.17-a0-1115-g0372368 (webtiles) character file.

162 WhatIsLove the Grasshopper (level 5, -8/44 HPs)
             Began as a Draconian Warper on May 22, 2015.
             Mangled by Hukigh the merfolk
             ... wielding a +1 trident of venom
             ... created by the player character
              (14 damage)
             ... on level 8 of the Dungeon.
             The game lasted 00:10:15 (5069 turns).

WhatIsLove the Grasshopper (Draconian Warper)       Turns: 5069, Time: 00:10:15

Health: -8/44      AC:  6    Str: 14    XL:     5   Next: 19%
Magic:  2/17       EV:  7    Int: 14    God:
Gold:   175        SH:  0    Dex: 10    Spells: 3 memorised, 2 levels left

rFire  . . .     SeeInvis .     a - +0 spear
rCold  . . .     Clarity  .     (armour unavailable)
rNeg   . . .     SustAt   .     (no shield)
rPois  +         Gourm    .     (helmet restricted)
rElec  .         Spirit   .     n - +0 cloak
rCorr  .         Warding  .     (no gloves)
rMut   .         Stasis   .     (no boots)
MR     .....                    (no amulet)
Stlth  +.........               t - ring of magical power
                                k - ring of poison resistance

@: very slightly contaminated, not resistant to hostile enchantments, very
unstealthy
A: unfitting armour, cold-blooded, AC +5
a: no special abilities


You were on level 8 of the Dungeon.
You were very hungry.

You visited 1 branch of the dungeon, and saw 6 of its levels.

You collected 175 gold pieces.

Inventory:

Hand weapons
 a - a +0 spear (weapon)
Missiles
 d - 2 tomahawks of dispersal (quivered)
Armour
 n - a +0 cloak (worn)
Jewellery
 k - a ring of poison resistance (left hand)
 t - a ring of magical power (right hand)
Scrolls
 f - a scroll of fog {unknown}
 h - a scroll of magic mapping {unknown}
 i - 5 scrolls of identify {unknown}
 j - 2 scrolls of recharging {unknown}
 m - a scroll of noise {unknown}
 p - 2 scrolls of remove curse {unknown}
 x - a scroll of random uselessness {unknown}
 y - a scroll of enchant armour {unknown}
Potions
 l - 2 potions of curing {unknown}
 q - 2 potions of lignification {unknown}
 r - a potion of brilliance {unknown}
 s - 2 potions of flight {unknown}
 v - a potion of poison {unknown}
 w - 2 potions of agility {unknown}
Miscellaneous
 u - a plain deck of wonders {drawn: 1}
Comestibles
 e - 2 bread rations
 z - 4 fruits
 A - 4 chunks of flesh
 B - a beef jerky


   Skills:
 + Level 2.8 Fighting
 * Level 3.0 Polearms
 - Level 0.8 Throwing
 + Level 3.2 Dodging
 + Level 0.2 Stealth
 + Level 2.4 Spellcasting
 + Level 4.0 Translocations


You had 2 spell levels left.
You knew the following spells:

 Your Spells              Type           Power        Failure   Level  Hunger
a - Apportation           Tloc           ##........   4%          1    #......
b - Blink                 Tloc           N/A          10%         2    ###....
c - Teleport Other        Tloc           ##......     14%         3    ###....


Dungeon Overview and Level Annotations

Branches:
Dungeon (8/15)
 Temple: D:4-7         Lair: D:8-11

Altars:
Gozag
Nemelex Xobeh
Qazlal

Shops:
D:2 *

Annotations:
D:3 Grinder
D:8 Maurice


Innate Abilities, Weirdness & Mutations

Your plain brown scales are hard (AC +5).
Your body does not fit into most forms of armour.
You are cold-blooded and may be slowed by cold attacks.


Message History

Blink to where?
Press: ? - help, Dir - move target cursor
As you read the scroll of blinking, it crumbles to dust.
A tomahawk of dispersal appears from out of thin air!
The tomahawk of dispersal hits you.
* * * LOW HITPOINT WARNING * * *
You blink.
A tomahawk of dispersal appears from out of thin air!
The tomahawk of dispersal barely misses you.
There is a stone staircase leading up, spattered with blood here.
You are feeling very hungry.
Hukigh throws a throwing net.
The throwing net hits you.
You become entangled in the net!
You stop ascending the stairs.
The throwing net disappears in a puff of smoke!
A tomahawk of dispersal appears from out of thin air!
The tomahawk of dispersal hits you but does no damage.
Unknown command.
Something completely misses you.
Hukigh hits you from afar with a trident of venom!
You die...

#.# #.# #.#
#######.####.#
#...o........#
#.#####.###....
#.# .... #. #.#
#.##.. #d# #.#
..# #{# o.# ..
#m# ### # #.#
#.# #.# #..
####


You could see Hukigh the merfolk.

Vanquished Creatures
  An orc priest (D:2)
  2 worker ants
  2 adders
  2 worms (D:3)
  3 orcs
  8 bats
  5 goblins
  11 hobgoblins
  5 jackals
  A ball python (D:2)
  8 giant cockroaches
  2 giant newts
  4 kobolds
  9 rats
63 creatures vanquished.

Notes
Turn   | Place    | Note
--------------------------------------------------------------
     0 | D:1      | WhatIsLove the Draconian Warper began the quest for the Orb.
     0 | D:1      | Reached XP level 1. HP: 17/17 MP: 3/3
   296 | D:1      | Reached XP level 2. HP: 15/24 MP: 5/5
  1143 | D:2      | Reached XP level 3. HP: 20/30 MP: 6/6
  1147 | D:2      | Learned a level 2 spell: Blink
  1151 | D:2      | Learned a level 3 spell: Teleport Other
  1507 | D:2      | Found Gozag's Platinum Reserve.
  1508 | D:2      | Found an opulent altar of Gozag.
  2485 | D:3      | Reached XP level 4. HP: 37/37 MP: 7/7
  2500 | D:3      | Found a sparkling altar of Nemelex Xobeh.
  3422 | D:3      | HP: 1/37 [orc priest/nerve-wracking pain (13)]
  3940 | D:3      | Noticed Grinder
  4317 | D:3      | Found a stormy altar of Qazlal.
  4873 | D:3      | Reached XP level 5. HP: 40/44 MP: 8/8
  5008 | D:4      | Reached skill level 4 in Translocations
  5023 | D:4      | You fall through a shaft for 3 floors!
  5044 | D:8      | Noticed Maurice
  5063 | D:8      | Noticed Hukigh
  5069 | D:8      | Mangled by Hukigh the merfolk

Vault maps used:
D:1:      ncdulo_watergridlock, serial_park_tiny_pond, due_unseen_surprise
D:2:      nicolae_gozag_zags_fifth_avenue
D:3:      nemelex_deck, nicolae_qazlal_general_emergency, uniq_grinder
D:4:      overflow_temple_1_default, kennysheep_mini_moat, temple_fountains,
          serial_bayou_pond_a, uniq_edmund, uniq_sigmund
D:7:      overflow_temple_1_default
D:8:      gammafunk_temple_overflow_wave, slow_altar_1,
          gammafunk_temple_overflow_elements, david_lair_generic, uniq_maurice,
          uniq_psyche

Action                   |  1- 3 |  4- 6 || total
-------------------------+-------+-------++-------
Melee: Spear             |   204 |   176 ||   380
 Cast: Teleport Other    |       |    18 ||    18
       Blink             |       |     2 ||     2
Evoke: Deck              |       |     1 ||     1
  Use: Scroll            |       |     1 ||     1
 Stab: Sleeping          |     1 |       ||     1
  Eat: Chunk             |     2 |     6 ||     8
       Meat ration       |     1 |       ||     1
       Royal jelly       |       |     1 ||     1
